 Dungeon Crawl Stone Soup version 0.18.1-6-gd335043 (webtiles) character file.

105 mistymad the Chopper (level 4, -13/61 HPs)
             Began as a Minotaur Berserker on May 18, 2016.
             Was a Believer of Trog.
             Killed by divine providence
             ... invoked by an orc priest
              (16 damage)
             ... on level 3 of the Dungeon.
             The game lasted 00:04:32 (1157 turns).

mistymad the Chopper (Minotaur Berserker)           Turns: 1157, Time: 00:04:33

Health: -13/61     AC:  6    Str: 26    XL:     4   Next: 53%
Magic:  3/3        EV: 11    Int:  4    God:    Trog [**....]
Gold:   86         SH:  0    Dex: 11    Spells: 0 memorised, 3 levels left

rFire  . . .     SeeInvis .     a - +0 hand axe
rCold  . . .     Gourm    .     h - +0 scale mail
rNeg   . . .     Faith    .     (no shield)
rPois  .         Spirit   .     (helmet restricted)
rElec  .         Dismiss  .     (no cloak)
rCorr  .         Reflect  .     (no gloves)
SustAt .         Harm     .     (no boots)
MR     .....                    (no amulet)
Stlth  ..........               (no ring)
                                (no ring)

@: berserking, very quick, not resistant to hostile enchantments, extremely
unstealthy
A: retaliatory headbutt, horns 2
a: Berserk, Trog's Hand, Burn Spellbooks, Renounce Religion


You were on level 3 of the Dungeon.
You worshipped Trog.
Trog was pleased with you.
You were not hungry.

You visited 1 branch of the dungeon, and saw 3 of its levels.

You collected 86 gold pieces.

Inventory:

Hand Weapons
 a - a +0 hand axe (weapon)
Armour
 h - a +0 scale mail (worn)
Jewellery
 e - an uncursed ring of sustain attributes {unknown}
 l - an uncursed ring of sustain attributes {unknown}
Scrolls
 f - a scroll of magic mapping {unknown}
 j - 2 scrolls of fear {unknown}
 k - a scroll of immolation {unknown}
 p - a scroll of identify {unknown}
 q - a scroll of remove curse {unknown}
Potions
 b - a potion of might {unknown}
 g - a potion of agility {unknown}
 m - a potion of magic {unknown}
 n - a potion of curing {unknown}
 o - a potion of heal wounds {unknown}
Comestibles
 c - a bread ration
 d - 3 chunks of flesh
 i - 2 fruits


   Skills:
 + Level 4.6 Fighting
 * Level 5.0 Axes
 + Level 3.1 Armour
 + Level 2.7 Dodging


You had 3 spell levels left.
You didn't know any spells.

Dungeon Overview and Level Annotations

Branches:
Dungeon (3/15)

Altars:
Qazlal


Innate Abilities, Weirdness & Mutations

You reflexively headbutt those who attack you in melee.
You have a pair of horns on your head.


Message History

Things that are here:
a short sword; a club; a ring mail You hit the orc priest.
The orc priest is heavily wounded.
The orc priest hits you but does no damage.
You closely miss the orc priest. Your headbutt misses the orc priest.
The orc priest is heavily wounded.
The orc priest hits you with a hand axe of electrocution.
* * * LOW HITPOINT WARNING * * *
You are electrocuted!
* * * LOW HITPOINT WARNING * * *
You are too injured to fight recklessly!
You are too injured to fight recklessly!
You are too injured to fight recklessly!
A red film seems to cover your vision as you go berserk!
You feel yourself moving faster!
You feel mighty!
You feel somewhat more hungry.
The orc priest mumbles some strange prayers to Beogh against you.
Beogh smites you!
You die...

# #.##.#######
#....o@)...#
......#####.####
##### #.......#
#.#####.# # #.#
#.# #.#
#.#####.#
#.......#


You could see an orc priest.

Vanquished Creatures
  Natasha (D:3)
  An adder (D:2)
  2 worms (D:2)
  3 dart slugs (D:1)
  3 giant geckos (D:1)
  3 orcs (D:3)
  A ball python (D:2)
  3 giant cockroaches
  4 goblins
  8 hobgoblins
  3 bats (D:1)
  2 giant newts
  10 kobolds
  5 rats
49 creatures vanquished.

Notes
Turn   | Place    | Note
--------------------------------------------------------------
     0 | D:1      | mistymad the Minotaur Berserker began the quest for the Orb.
     0 | D:1      | Reached XP level 1. HP: 19/19 MP: 0/0
    54 | D:1      | Reached skill level 4 in Axes
    59 | D:1      | Reached XP level 2. HP: 18/27 MP: 1/1
   355 | D:1      | Reached XP level 3. HP: 33/33 MP: 2/2
   574 | D:1      | Reached ** piety under Trog
   648 | D:2      | Found a stormy altar of Qazlal.
   925 | D:2      | Reached XP level 4. HP: 40/40 MP: 3/3
  1003 | D:3      | Noticed Natasha
  1012 | D:3      | Killed Natasha
  1012 | D:3      | Reached skill level 5 in Axes
  1156 | D:3      | HP: 2/41 [orc priest/hand axe of electrocution (9)]
  1157 | D:3      | Killed from afar by an orc priest

Skill      XL: |  1  2  3  4 |
---------------+-------------+-----
Axes           | 4 5 |  5.0
Fighting       | 4 |  4.6
Armour         | 3 |  3.1
Dodging        | |  2.7

Action                   |  1- 3 |  4- 6 || total
-------------------------+-------+-------++-------
Melee: Hand axe          |    93 |    27 ||   120
       Headbutt          |    15 |     5 ||    20
Invok: Berserk           |       |     1 ||     1
  Eat: Chunk             |       |     1 ||     1
Armor: Scale mail        |    34 |     5 ||    39
       Animal skin       |     1 |       ||     1
Dodge: Dodged            |    51 |    12 ||    63
